 Dungeon Crawl Stone Soup version 0.31-a0-920-g28cbb04a8c (webtiles) character file.

Game seed: 3130469328789381821

69 DarkMailMan the Ruffian (level 4, -3/48 HPs)
             Began as a Demonspawn Shapeshifter on Oct 17, 2023.
             Slain by Grinder (6 damage)
             ... on level 3 of the Dungeon.
             The game lasted 00:02:48 (1752 turns).

DarkMailMan the Ruffian (Demonspawn Shapeshifter)   Turns: 1752, Time: 00:02:52

Health: -3/48      AC: 22    Str: 15    XL:     4   Next: 2%
Magic:  4/4        EV:  2    Int: 11    God:
Gold:   104        SH:  0    Dex: 14    Spells: 3/3 levels left

rFire   . .          .
                       - Unarmed
rCold   . . .        (no shield)
rNeg    . . .        a - melded +0 animal skin
rPois   +            (helmet currently unavailable)
rElec   .            (cloak currently unavailable)
rCorr   .            (gloves currently unavailable)
SInv    .            (boots currently unavailable)
Will    .....        (no amulet)
Stlth   ++           (no ring)
HPRegen 0.28/turn    (no ring)
MPRegen 0.09/turn

%: no passive effects
@: tree-form
A: stationary, stasis, torment immunity, boosted hp, (horns 1), (thin metallic
scales 1)
a: no special abilities


You were on level 3 of the Dungeon.
You were a tree.
You visited 1 branch of the dungeon, and saw 3 of its levels.

You collected 104 gold pieces.

Inventory:

Armour
 a - a +0 animal skin (melded)
Jewellery
 f - a +6 ring of strength
 n - a +6 ring of strength
Talismans
 c - a beast talisman
 d - a flux talisman
Scrolls
 i - 5 scrolls of identify {unknown}
 j - a scroll of fog {unknown}
 k - a scroll of blinking {unknown}
 m - a scroll of amnesia {unknown}
 o - a scroll of noise {unknown}
 s - a scroll of teleportation {unknown}
Potions
 e - 2 potions of curing {unknown}
 g - 2 potions of ambrosia {unknown}
 h - 2 potions of magic {unknown}
 l - a potion of heal wounds {unknown}
 p - a potion of resistance {unknown}
 q - a potion of cancellation {unknown}
 r - a potion of attraction {unknown}


   Skills:
 + Level 1.0 Fighting
 + Level 2.1 Dodging
 + Level 0.6 Stealth
 + Level 3.8 Unarmed Combat
 + Level 3.0 Shapeshifting


You had 3 spell levels left.
You didn't know any spells.
Your spell library contained the following spells:

 Spells                   Type           Power      Damage    Failure   Level
 Lesser Beckoning         Tloc           0%         N/A       47%         2
 Gell's Gravitas          Tloc           0%         N/A       71%         3
 Teleport Other           Tloc           0%         N/A       71%         3


Dungeon Overview and Level Annotations

Branches:
Dungeon (3/15)

Altars:

Annotations:
D:3 Grinder


Innate Abilities, Weirdness & Mutations

You are a tree.
Your roots penetrate the ground, keeping you stationary.
You cannot be teleported.
You are immune to unholy pain and torment.
Your maximum health is greatly increased.
Your equipment is partially melded.
((You have a pair of small horns on your head.))
((You are partially covered in thin metallic scales. (AC +2)))


Message History

You hit the orc.
The orc is heavily wounded.
The orc hits you with a +0 flail!
You hit the orc.
You kill the orc!
You have reached level 4!
You feel stronger.
Your demonic ancestry asserts itself...
A pair of horns grows on your head!
You closely miss Grinder. Grinder hits you but does no damage.
You closely miss Grinder. Your headbutt misses Grinder.
You barely miss Grinder. Grinder misses you.
You hit Grinder.
Grinder is lightly wounded.
Grinder hits you but does no damage.
You closely miss Grinder.
Grinder is lightly wounded.
Grinder gestures at you. You resist with significant effort.
You hit Grinder. Your headbutt misses Grinder.
Grinder is lightly wounded.
Grinder gestures at you. Pain shoots through your body!
You hit Grinder. Your headbutt misses Grinder.
Grinder is moderately wounded.
Grinder barely misses you.
You hit Grinder.
Grinder is moderately wounded.
Grinder hits you!
You writhe in agony.
* * * LOW HITPOINT WARNING * * *
You are too injured to fight recklessly!
You are too injured to fight recklessly!
You are too injured to fight recklessly!
Your transformation has ended.
You turn into a tree.
Your +0 animal skin melds into your body.
Your roots penetrate the ground.
Grinder hits you.
* * * LOW HITPOINT WARNING * * *
You writhe in agony.
You die...
Grinder says, "Now the real fun starts!"

#..# #..#
...#..... #..#
.....#'## #..#
#.......# #..#
....... #>.# .....
#..# ... #..# #5#
#..# #♣#
#..############'##
#..##......#.....#
#..##.####.#.....#
#..##.# #.#.....#
#..##.# #.#.....+
#..##.# #.#.....#
#..##.# #.'.....+
#.....# ###.....#


You could see Grinder.

Vanquished Creatures
  3 adders
  A worm (D:2)
  2 dart slugs
  An orc (D:3)
  5 endoplasms
  A giant cockroach (D:1)
  3 goblins (D:1)
  2 hobgoblins
  A quokka (D:2)
  4 ball pythons
  4 bats
  3 frilled lizards
  4 kobolds
  4 rats
38 creatures vanquished.

Notes
Turn   | Place    | Note
-------+----------+-------------------------------------------
     0 | D:1      | DarkMailMan the Demonspawn Shapeshifter began the quest for
                  | the Orb.
     0 | D:1      | Reached XP level 1. HP: 15/15 MP: 1/1
   229 | D:1      | Gained mutation: You are partially covered in thin metallic
                  | scales. (AC +2) [demonic ancestry]
   229 | D:1      | Reached XP level 2. HP: 21/21 MP: 2/2
   719 | D:2      | Found a faded altar of an unknown god.
   848 | D:2      | Reached XP level 3. HP: 17/26 MP: 3/3
  1740 | D:3      | Noticed Grinder
  1744 | D:3      | Gained mutation: You have a pair of small horns on your
                  | head. [demonic ancestry]
  1744 | D:3      | Reached XP level 4. HP: 22/32 MP: 4/4
  1752 | D:3      | Slain by Grinder

Illustrated notes

Levels and vault maps discovered:
D:1:      dpeg_arrival_simpleton_c, layout_loops_cross, minmay_heptomino_l4
D:2:      layout_loops_ring, nicolae_ecumenical_pavilion, glass_columns_a
D:3:      layout_basic, uniq_grinder, uniq_terence

Skill      XL: |  1  2  3 |
---------------+----------+-----
Unarmed Combat | 3 |  3.8
Dodging        | 2 |  2.1
Shapeshifting  | 3 |  3.0
Fighting       | |  1.0
Stealth        | |  0.6

Action                     |  1- 3 |  4- 6 || total
---------------------------+-------+-------++-------
  Melee: Unarmed           |   113 |     8 ||   121
         Punch             |     1 |       ||     1
    Use: Potion            |       |     1 ||     1
   Stab: Sleeping          |     2 |       ||     2
 Armour: Animal skin       |    46 |     3 ||    49
         Skin              |       |     1 ||     1
  Dodge: Dodged            |    61 |     2 ||    63

Table legend: (Time is in decaauts)
 A = Elapsed time spent in this place.
 B = Non-inter-level travel time spent in this place.
 C = Inter-level travel time spent in this place.
 D = Time resting spent in this place.
 E = Time spent auto-exploring this place.
 F = Levels seen in this place.
 G = Mean time per level.
                   A        B        C        D        E       F      G
               +--------+--------+--------+--------+--------+-----+--------+
         Total |   1743 |   1743 |      0 |      0 |   1274 |   3 |  581.0 |
       Dungeon |   1743 |   1743 |      0 |      0 |   1274 |   3 |  581.0 |
               +--------+--------+--------+--------+--------+-----+--------+

Top non-repeatable levels by time:
     D:1: 715 daAuts
     D:2: 704 daAuts
     D:3: 324 daAuts
